 Dungeon Crawl Stone Soup version 0.30-a0-847-g17996783a1 (webtiles) character file.

Game seed: 17556577323746020724

226 holysushi the Cutter (level 5, 0/41 HPs)
             Began as a Demonspawn Monk on Mar 3, 2023.
             Splashed by a jelly's acid (7 damage)
             ... on level 4 of the Dungeon.
             The game lasted 00:04:56 (3065 turns).

holysushi the Cutter (Demonspawn Monk)              Turns: 3065, Time: 00:04:57

Health: 0/41       AC: -12   Str: 16    XL:     5   Next: 69%
Magic:  5/5        EV: 13    Int: 10    God:
Gold:   228        SH:  0    Dex: 16    Spells: 4/4 levels left

rFire   . . .      SeeInvis .    a - +0 short sword
rCold   + . .      Faith    .    (no shield)
rNeg    . . .      Spirit   .    b - +0 robe
rPois   .          Reflect  .    j - +0 helmet
rElec   .          Rampage  .    c - +0 cloak
rCorr   .                        (no gloves)
Will    .....                    (no boots)
Stlth   ++                       m - amulet of the acrobat
HPRegen 0.26/turn                h - ring of protection from cold
MPRegen 0.09/turn                (no ring)

@: brilliant, corroded, attractive, unable to read
A: powered by pain 2, weakness stinger 1, strong 1, inability to read after
injury 1
a: no special abilities


You were on level 4 of the Dungeon.
You visited 1 branch of the dungeon, and saw 4 of its levels.

You collected 228 gold pieces.

Inventory:

Hand Weapons
 a - a +0 short sword (weapon)
Armour
 b - a +0 robe (worn)
 c - a +0 cloak (worn)
 j - a +0 helmet (worn)
Jewellery
 h - a ring of protection from cold (left hand)
 m - an amulet of the acrobat (around neck)
Wands
 q - a wand of charming (4)
 r - a wand of iceblast (12)
Scrolls
 e - a scroll of vulnerability
 f - a scroll of torment {unknown}
 g - a scroll of enchant weapon {unknown}
 i - a scroll of butterflies {unknown}
 l - a scroll of fear {unknown}
 n - a scroll of fog {unknown}
 o - a scroll of immolation {unknown}
 t - a scroll of identify
Potions
 k - a potion of curing


   Skills:
 - Level 3.0 Fighting
 + Level 5.8 Short Blades
 - Level 2.7 Dodging
 - Level 1.8 Stealth


You had 4 spell levels left.
You didn't know any spells.
Your spell library was empty.

Dungeon Overview and Level Annotations

Branches:
Dungeon (4/15) Zot: 20995
 Temple: D:4-7

Altars:
Xom

Shops:
D:3 =


Innate Abilities, Weirdness & Mutations

You sometimes gain power by taking damage.
You have a small tail.
Your muscles are strong. (Str +4, Int/Dex -1)
You occasionally lose the ability to read scrolls when taking damage.


Message History

The hobgoblin barely misses you.
You are too injured to fight recklessly!
You are too injured to fight recklessly!
It was a potion of mutation.
You feel extremely strange.
You lose the ability to read scrolls when taking damage less often.
You feel robust.
You feel stronger. x2
The jelly hits you. The acid corrodes you!
You are splashed with acid!
You feel threatened and lose the ability to read scrolls!
* * * LOW HITPOINT WARNING * * *
A goblin comes into view. It is wielding a +0 dagger.
The hobgoblin barely misses you.
You cannot read scrolls in your current state!
It was a potion of heal wounds.
You feel much better. The jelly barely misses you.
The hobgoblin closely misses you.
It was a potion of attraction.
You feel attractive to monsters. The jelly misses you.
The hobgoblin closely misses you. The goblin is attracted toward you.
It was a potion of brilliance.
You feel clever all of a sudden. The hobgoblin completely misses you.
The jelly hits you. The acid corrodes you!
You are splashed with acid.
The hobgoblin attacks as you move away! The hobgoblin barely misses you.
The jelly attacks as you move away! The jelly hits you.
You are splashed with acid!
* * * LOW HITPOINT WARNING * * *
The goblin is attracted toward you.
You cannot read scrolls in your current state!
Aiming: Charm
Press: ? - help, Shift-Dir - straight line, f - jelly
Aim: a jelly (chance to affect: 57%)
The jelly resists with significant effort.
You can read scrolls again.
An orc comes into view. It is wielding a +0 flail.
The jelly hits you.
* * * LOW HITPOINT WARNING * * *
You are splashed with acid!
You feel threatened and lose the ability to read scrolls!
You die...
Xom chortles!

..!#
...####
>..#.. ..
....# #..
#.?.# #".#
##.ยง.#
#..#
#.o.g##
#..#
#gJ##..#
##@...#
##...#
##...####
#.......#
#..#####..
#..##
##..#
##.##
##.##


You could see a jelly, an orc, a hobgoblin and a goblin.

Vanquished Creatures
  A scorpion (D:3)
  Terence (D:2)
  An orc wizard (D:4)
  3 adders
  3 worms
  A dart slug (D:3)
  4 orcs (D:4)
  3 ball pythons
  7 bats
  10 endoplasms
  2 giant cockroaches
  4 goblins
  10 hobgoblins
  4 jackals (D:4)
  5 quokkas
  5 frilled lizards
  5 kobolds
  3 rats
72 creatures vanquished.

Notes
Turn   | Place    | Note
-------+----------+-------------------------------------------
     0 | D:1      | holysushi the Demonspawn Monk began the quest for the Orb.
     0 | D:1      | Reached XP level 1. HP: 18/18 MP: 1/1
    73 | D:1      | Reached skill level 3 in Short Blades
   107 | D:1      | Gained mutation: You have a small tail. [demonic ancestry]
   107 | D:1      | Reached XP level 2. HP: 21/24 MP: 2/2
   811 | D:1      | Gained mutation: You sometimes gain a little power by
                  | taking damage. [demonic ancestry]
   811 | D:1      | Reached XP level 3. HP: 29/29 MP: 3/3
  1150 | D:2      | Reached skill level 4 in Short Blades
  1286 | D:2      | Found a faded altar of an unknown god.
  1301 | D:2      | Prayed at the altar of an unknown god.
  1301 | D:2      | Became a worshipper of Xom of Chaos
  1338 | D:2      | Fell from the grace of Xom
  1467 | D:2      | Noticed Terence
  1511 | D:2      | Killed Terence
  1512 | D:2      | Reached XP level 4. HP: 20/35 MP: 4/4
  2139 | D:3      | XOM: give mutation
  2139 | D:3      | Gained mutation: Your mind is acute. (Int +4, Str/Dex -1)
                  | [Xom's grace]
  2140 | D:3      | Noticed a scorpion
  2309 | D:3      | Killed a scorpion
  2310 | D:3      | Reached skill level 5 in Short Blades
  2310 | D:3      | Gained mutation: You sometimes gain power by taking damage.
                  | [demonic ancestry]
  2310 | D:3      | Reached XP level 5. HP: 31/41 MP: 5/5
  2503 | D:3      | XOM: give mutations
  2503 | D:3      | Lost mutation: Your mind is acute. (Int +4, Str/Dex -1)
                  | [Xom's mischief]
  2503 | D:3      | Gained mutation: You are weak. (Str -2) [Xom's mischief]
  2503 | D:3      | Gained mutation: You are frail. (-10% HP) [Xom's mischief]
  2562 | D:3      | Found Elajaleyn's Jewellery Emporium.
  2858 | D:4      | XOM: give mutations
  2858 | D:4      | Gained mutation: You occasionally lose the ability to read
                  | scrolls when taking damage. [Xom's mischief]
  2858 | D:4      | Lost mutation: You are weak. (Str -2) [Xom's mischief]
  2858 | D:4      | Gained mutation: You are weak. (Str -2) [Xom's mischief]
  2858 | D:4      | Gained mutation: You sometimes lose the ability to read
                  | scrolls when taking damage. [Xom's mischief]
  3060 | D:4      | Lost mutation: You sometimes lose the ability to read
                  | scrolls when taking damage. [potion of mutation]
  3060 | D:4      | Lost mutation: You are frail. (-10% HP) [potion of
                  | mutation]
  3060 | D:4      | Lost mutation: You are weak. (Str -2) [potion of mutation]
  3060 | D:4      | Gained mutation: Your muscles are strong. (Str +4, Int/Dex
                  | -1) [potion of mutation]
  3065 | D:4      | Splashed by a jelly's acid

Illustrated notes

Levels and vault maps discovered:
D:1:      mushboom_english_gardens, layout_loops_ring, minivault_4,
          nicolae_figureground_pulse
D:2:      layout_basic, hellmonk_ecumenical_altar_prayer_group, basic_altar,
          patterned_corridor, uniq_terence
D:3:      layout_rooms, serial_shops, shop_statue
D:4:      layout_layer_cave, minmay_temple_entry_glassed_door

Skill      XL: |  1  2  3  4 |
---------------+-------------+-----
Short Blades   | 3 4 5 |  5.8
Fighting       | |  3.0
Dodging        | |  2.7
Stealth        | |  1.8

Action                     |  1- 3 |  4- 6 || total
---------------------------+-------+-------++-------
  Melee: Short sword       |   183 |    98 ||   281
         Punch             |     3 |     1 ||     4
         Tailslap          |    25 |    15 ||    40
 Invoke: Renounce Religion |     1 |       ||     1
  Evoke: Wand              |       |     1 ||     1
    Use: Potion            |     1 |     4 ||     5
         Scroll            |       |     2 ||     2
   Stab: Sleeping          |     5 |     5 ||    10
 Armour: Robe              |    28 |    11 ||    39
  Dodge: Dodged            |   108 |    52 ||   160

Table legend: (Time is in decaauts)
 A = Elapsed time spent in this place.
 B = Non-inter-level travel time spent in this place.
 C = Inter-level travel time spent in this place.
 D = Time resting spent in this place.
 E = Time spent auto-exploring this place.
 F = Levels seen in this place.
 G = Mean time per level.
                   A        B        C        D        E       F      G
               +--------+--------+--------+--------+--------+-----+--------+
         Total |   3003 |   2868 |    135 |    358 |   1761 |   4 |  750.8 |
       Dungeon |   3003 |   2868 |    135 |    358 |   1761 |   4 |  750.8 |
               +--------+--------+--------+--------+--------+-----+--------+

Top non-repeatable levels by time:
     D:2: 1222 daAuts
     D:1: 917 daAuts
     D:3: 650 daAuts
     D:4: 214 daAuts
